 Dungeon Crawl Stone Soup version 0.27.0-1-g7a089689b8 (webtiles) character file.

Game seed: 12028994216983859533

105 HoaS the Ruffian (level 4, -1/36 HPs)
             Began as a Demigod Gladiator on Aug 6, 2021.
             Slain by a black bear (4 damage)
             ... on level 4 of the Dungeon.
             The game lasted 00:05:29 (2806 turns).

HoaS the Ruffian (Demigod Gladiator)                Turns: 2806, Time: 00:05:29

Health: -1/36      AC: 10    Str: 19    XL:     4   Next: 29%
Magic:  6/6        EV:  8    Int: 10    God:
Gold:   81         SH:  0    Dex: 15    Spells: 3/3 levels left

rFire    . . .     SeeInvis .     - Unarmed
rCold    . . .     Faith    .   (no shield)
rNeg     . . .     Spirit   .   g - +0 chain mail
rPois    .         Reflect  .   b - +1 helmet
rElec    .         Harm     .   (no cloak)
rCorr    .         Rampage  .   (no gloves)
Will     .....                  (no boots)
Stlth    ..........             (no amulet)
HPRegen  0.12/turn              (no ring)
MPRegen  0.10/turn              (no ring)

@: no status effects
A: high mp 1, forlorn
a: no special abilities


You were on level 4 of the Dungeon.
You visited 1 branch of the dungeon, and saw 4 of its levels.

You collected 81 gold pieces.

Inventory:

Missiles
 f - 11 poisoned darts (quivered)
Armour
 b - a +1 helmet (worn)
 g - a +0 chain mail (worn)
Scrolls
 e - a scroll of teleportation
 i - a scroll of amnesia {unknown}
Potions
 a - 2 potions of lignification {unknown}
 d - 2 potions of curing
 h - a potion of brilliance {unknown}


   Skills:
 - Level 1.7 Fighting
 - Level 1.7 Throwing
 - Level 2.6 Dodging
 + Level 4.9 Unarmed Combat


You had 3 spell levels left.
You didn't know any spells.
Your spell library contained the following spells:

 Spells                   Type           Power      Damage    Failure   Level
 Foxfire                  Conj/Fire      0%         2x1d4     99%         1
 Conjure Flame            Conj/Fire      0%         6-21      100%        3
 Inner Flame              Hex/Fire       0%         N/A       100%        3
 Freezing Cloud           Conj/Ice/Air   0%         6-21      100%        5
 Simulacrum               Ice/Necr       0%         N/A       100%        6
 Polar Vortex             Ice            0%         N/A       100%        9


Dungeon Overview and Level Annotations

Branches:
Dungeon (4/15)             Temple (0/1) D:4


Innate Abilities, Weirdness & Mutations

Your attributes grow dramatically as you level up.
You have an increased reservoir of magic. (+10% MP)
You shall have no god before yourself.


Message History

The black bear is caught in the net!
The black bear is lightly wounded.
The black bear struggles against the net.
The black bear struggles against the net.
You hit the black bear.
The black bear is moderately wounded.
The black bear struggles against the net.
You hit the black bear.
The black bear is moderately wounded.
The black bear struggles against the net.
You hit the black bear.
The black bear is heavily wounded.
The black bear struggles against the net.
The net rips apart, and the black bear comes free!
You hit the black bear.
The black bear is severely wounded.
The black bear goes berserk!
You throw a throwing net.
The throwing net closely misses the black bear.
The black bear bites you. The black bear barely misses you.
The black bear completely misses you.
You throw a throwing net.
The throwing net closely misses the black bear.
The black bear bites you.
The black bear claws you but does no damage. x2
The black bear bites you! The black bear barely misses you.
The black bear claws you but does no damage.
You hit the black bear.
The black bear is almost dead.
The black bear bites you!
* * * LOW HITPOINT WARNING * * *
The black bear claws you.
* * * LOW HITPOINT WARNING * * *
The black bear claws you but does no damage.
You feel better.
The black bear looks more healthy.
The black bear bites you!
* * * LOW HITPOINT WARNING * * *
The black bear closely misses you.
The black bear claws you but does no damage.
The black bear closely misses you. The black bear claws you.
You die...

.# +## ..# ...+ ...#.
...#. #.... .....[
##.>.#####......
#.....#.).......
#...#....#### .
##..@.#### .. #.#.h##
... #....# ####
....#....# ......
.....(...# ......#
.........######......#
...(((...............#
........(†...........#
..##'###.............#


You could see a black bear (berserk).

Vanquished Creatures
  A howler monkey (D:4)
  An adder (D:3)
  5 orcs (D:3)
  3 bats
  6 endoplasms
  6 giant cockroaches
  9 hobgoblins
  A kobold (D:2)
  3 quokkas
  3 ball pythons
  A frilled lizard (D:1)
  4 goblins
  8 rats
51 creatures vanquished.

Notes
Turn   | Place    | Note
-------+----------+-------------------------------------------
     0 | D:1      | HoaS the Demigod Gladiator began the quest for the Orb.
     0 | D:1      | Reached XP level 1. HP: 17/17 MP: 3/3
    96 | D:1      | Reached skill level 3 in Unarmed Combat
   671 | D:1      | Reached XP level 2. HP: 24/24 MP: 4/4
  2100 | D:3      | Reached XP level 3. HP: 27/29 MP: 5/5
  2183 | D:3      | Reached skill level 4 in Unarmed Combat
  2660 | D:4      | Found a staircase to the Ecumenical Temple.
  2683 | D:4      | Reached XP level 4. HP: 28/36 MP: 6/6
  2791 | D:4      | Noticed a black bear
  2806 | D:4      | Slain by a black bear

Illustrated notes

Levels and vault maps discovered:
D:1:      onia_arrival_handbag, layout_basic,
          shapermc_ecumenical_altar_mp_vishouse, palyth_stone_intersect,
          chequers_serial_rivers_large_a
D:2:      layout_basic, basic_altar, minmay_tripent
D:3:      layout_basic
D:4:      layout_basic, minmay_temple_entry_arrows, minmay_manual_mail

Skill      XL: |  1  2  3 |
---------------+----------+-----
Unarmed Combat | 3 4 |  4.9
Fighting       | |  1.7
Throwing       | |  1.7
Dodging        | |  2.6

Action                   |  1- 3 |  4- 6 || total
-------------------------+-------+-------++-------
Melee: Unarmed           |   183 |    17 ||   200
       Punch             |     1 |       ||     1
Throw: Dart              |       |     4 ||     4
       Throwing net      |       |     3 ||     3
  Use: Scroll            |     7 |       ||     7
       Potion            |       |     1 ||     1
 Stab: Sleeping          |     2 |       ||     2
Armor: Leather armour    |    19 |       ||    19
       Scale mail        |    27 |       ||    27
       Chain mail        |    23 |    11 ||    34
Dodge: Dodged            |    94 |    11 ||   105
